 Dungeon Sprint DCSS version 0.29.1-15-g9cfb28693d (webtiles) character file.

Game seed: 491309922934147858

1779 Groucho the Summoner (level 8, -3/41 HPs)
             Began as a Deep Elf Summoner on Apr 7, 2023.
             Was a Priest of Sif Muna.
             Slain by a two-headed ogre
             ... wielding a +0 giant club
              (18 damage)
             ... in the Dungeon (Sprint III: "The Ten Rune Challenge").
             The game lasted 00:06:29 (1599 turns).

Groucho the Summoner (Deep Elf Summoner)            Turns: 1599, Time: 00:06:30

Health: -3/41      AC:  2    Str:  5    XL:     8   Next: 81%
Magic:  9/25       EV: 17    Int: 23    God:    Sif Muna [***...]
Gold:   27         SH:  0    Dex: 15    Spells: 16/29 levels left

rFire   . . .      SeeInvis .   o - +3 dagger
rCold   . . .      Faith    .   (no shield)
rNeg    . . .      Spirit   .   a - +0 robe
rPois   .          Reflect  .   (no helmet)
rElec   .          Harm     .   (no cloak)
rCorr   .          Rampage  .   (no gloves)
Will    .....      NoTele   +   (no boots)
Stlth   +++++.....              (no amulet)
HPRegen 0.13/turn               (no ring)
MPRegen 0.19/turn               (no ring)

@: no status effects
A: no striking features
a: Renounce Religion, Channel Magic, Forget Spell


You were in the Dungeon.
You worshipped Sif Muna.
Sif Muna was most pleased with you.
You visited 1 branch You collected 27 gold pieces.

Inventory:

Hand Weapons
 o - a +3 dagger (weapon)
Armour
 a - a +0 robe (worn)
Scrolls
 g - a scroll of blinking
 i - a scroll of immolation {unknown}
 j - 3 scrolls of identify
 k - a scroll of poison {unknown}
Potions
 b - 3 potions of magic
 c - a potion of curing
 d - a potion of heal wounds
 e - 2 potions of haste
 f - a potion of berserk rage
 h - a potion of degeneration {unknown}
 l - a potion of resistance {unknown}
 m - a potion of flight {unknown}
 n - 4 potions of mutation


   Skills:
 + Level 9.7 Dodging
 + Level 10.5 Stealth
 + Level 11.1 Spellcasting
 + Level 9.1 Hexes
 * Level 13.7 Summonings
 + Level 3.3 Air Magic


You had 16 spell levels left.
You knew the following spells:

 Your Spells              Type           Power      Damage    Failure   Level
a - Summon Small Mammal   Summ           100%       N/A       1%          1
b - Call Imp              Summ           66%        N/A       1%          2
c - Call Canine Familiar  Summ           66%        N/A       1%          3
d - Summon Guardian Gole  Hex/Summ       60%        N/A       1%          3
e - Summon Lightning Spi  Summ/Air       51%        N/A       1%          4

Your spell library contained the following spells:

 Spells                   Type           Power      Damage    Failure   Level
 Shock                    Conj/Air       80%        1d8       2%          1
 Swiftness                Air            28%        N/A       3%          3
 Sublimation of Blood     Necr           12%        N/A       8%          2
 Wereblood                Tmut           12%        N/A       8%          2
 Airstrike                Air            14%        2d(2-18)  13%         4
 Summon Hydra             Summ           33%        N/A       16%         7


Dungeon Overview and Level Annotations

Branches:
Dungeon (1/1)

Altars:
Cheibriados
Dithmenos
Elyvilon
Fedhas
Gozag
Hepliaklqana
Kikubaaqudgha
Makhleb
Nemelex Xobeh
Okawaru
Qazlal
Ru
Sif Muna
Trog
Uskayaw
Vehumet
Wu Jian
Xom
Yredelemnul
Zin
The Shining One
Jiyva
Lugonu

Annotations:
D Erolcha


Message History

What are your orders? t - Shout!
Orders for allies: a - Attack new target. p - Attack previous target. r - Retreat! s - Stop attacking. g - Guard the area. f - Follow me.
Anything else - Cancel.
Gang up on whom?
Press: ? - help, Dir - move target, f/p - Erolcha
Aim: Erolcha, wielding a +0 giant club and wearing a +0 robe (translocational energy, severely wounded) Attack!
Your warg bites Erolcha but does no damage.
Erolcha misses your warg.
Your warg bites Erolcha!
Unknown command.
Unknown command.
Unknown command.
Your warg bites Erolcha but does no damage.
Erolcha hits your warg with a +0 giant club!!!
Your warg dies!
Your warg's corpse disappears in a puff of smoke!
Erolcha shouts!
Unknown command.
Casting: Call Canine Familiar (safe; 1% risk of failure)
Confirm with . or Enter, or press ? or * to list all spells.
You swap places.
Erolcha casts a spell.
Erolcha blinks!
Things that are here:
a +0 giant spiked club; a +0 giant club Erolcha screams, "Blood!"
Erolcha points at you and mumbles some strange words.
The fireball explodes!
The fireball engulfs your warg!! The fireball engulfs you!!
Ouch! That really hurt!
Erolcha hits your warg with a +0 giant club!!
Your warg dies!
Your warg's corpse disappears in a puff of smoke!
Unknown command.
The two-headed ogre attacks as you move away!
The two-headed ogre hits you with a +0 giant club!!
You die...

..#...#__.#)_# ♣.###'#'###'##
..#.÷..).....# ..'.⌠.)......#
♣.#...######'#
..#.⌠.#__#...#+##############
..#...#__#...#....#O#.#O..O.#
..#'###_§#...##.#O§#.##O###.#
..#.[.#__#...'##@#.#)##.#..##
..#___#__'...#...#.O#§.##..
▓▓▓▓▓▓▓▓▓▓▓▓▓▓▓▓▓▓▓▓▓▓▓▓▓▓▓


You could see a two-headed ogre and Erolcha.

Vanquished Creatures (collateral kills)
  A deep elf pyromancer (D)
  A shadow (D)
  A spatial vortex (D)
  4 two-headed ogres (D)
  A scorpion (D)
  A necrophage (D)
  A water elemental (D)
  A jelly (D)
  Jessica (D)
  A wizard (D)
  A necromancer (D)
  3 humans (D)
  A kobold demonologist (D)
  An endoplasm (D)
  2 rats (D)
21 creatures vanquished.

Notes
Turn   | Place    | Note
-------+----------+-------------------------------------------
     0 | D        | Groucho the Deep Elf Summoner began the quest for the Orb.
     0 | D        | Reached XP level 1. HP: 10/10 MP: 6/6
    12 | D        | Reached skill level 5 in Summonings
   253 | D        | Noticed Jessica
   272 | D        | Killed Jessica
   273 | D        | Reached skill level 7 in Summonings
   273 | D        | Reached XP level 2. HP: 15/15 MP: 3/9
   273 | D        | Reached XP level 3. HP: 19/19 MP: 3/10
   526 | D        | Learned a level 2 spell: Call Imp
   530 | D        | Learned a level 3 spell: Call Canine Familiar
   573 | D        | Noticed a scorpion
   590 | D        | Killed a scorpion
   591 | D        | Reached skill level 5 in Stealth
   591 | D        | Reached skill level 5 in Spellcasting
   591 | D        | Reached skill level 8 in Summonings
   591 | D        | Reached XP level 4. HP: 10/24 MP: 3/13
   892 | D        | Learned a level 3 spell: Summon Guardian Golem
   893 | D        | Noticed a water elemental
   896 | D        | Killed a water elemental
   897 | D        | Reached skill level 5 in Dodging
   897 | D        | Reached skill level 9 in Summonings
   897 | D        | Reached XP level 5. HP: 28/28 MP: 9/16
  1098 | D        | Found a radiant altar of Vehumet.
  1099 | D        | Found a shimmering blue altar of Sif Muna.
  1100 | D        | Found an ancient bone altar of Kikubaaqudgha.
  1103 | D        | Noticed a rust devil
  1132 | D        | Became a worshipper of Sif Muna the Loreminder
  1151 | D        | Found a shadowy altar of Dithmenos.
  1152 | D        | Found a basalt altar of Yredelemnul.
  1152 | D        | Found a sacrificial altar of Ru.
  1156 | D        | Reached skill level 10 in Summonings
  1156 | D        | Reached XP level 6. HP: 28/32 MP: 13/18
  1176 | D        | Found a hide-covered altar of Uskayaw.
  1176 | D        | Found an iron altar of Okawaru.
  1177 | D        | Found a bloodstained altar of Trog.
  1177 | D        | Found an ornate altar of the Wu Jian Council.
  1177 | D        | Noticed a human
  1178 | D        | Noticed a human
  1183 | D        | Killed a human
  1183 | D        | Reached * piety under Sif Muna
  1184 | D        | Reached skill level 5 in Hexes
  1184 | D        | Reached skill level 11 in Summonings
  1190 | D        | Killed a human
  1191 | D        | Reached XP level 7. HP: 35/36 MP: 14/21
  1195 | D        | Found a glowing silver altar of Zin.
  1196 | D        | Found a glowing golden altar of the Shining One.
  1196 | D        | Found a white marble altar of Elyvilon.
  1197 | D        | Noticed a deep elf pyromancer
  1207 | D        | Killed a deep elf pyromancer
  1208 | D        | Reached skill level 10 in Spellcasting
  1208 | D        | Reached skill level 12 in Summonings
  1444 | D        | Learned a level 4 spell: Summon Lightning Spire
  1456 | D        | Reached ** piety under Sif Muna
  1457 | D        | Reached XP level 8. HP: 41/41 MP: 21/24
  1463 | D        | Reached skill level 1 in Air Magic
  1469 | D        | Found a blossoming altar of Fedhas.
  1469 | D        | Found a stormy altar of Qazlal.
  1469 | D        | Found a snail-covered altar of Cheibriados.
  1469 | D        | Found a burning altar of Makhleb.
  1469 | D        | Found a shimmering altar of Xom.
  1470 | D        | Found a hazy altar of Hepliaklqana.
  1470 | D        | Found an opulent altar of Gozag.
  1470 | D        | Found a sparkling altar of Nemelex Xobeh.
  1470 | D        | Found a corrupted altar of Lugonu.
  1470 | D        | Found a viscous altar of Jiyva.
  1484 | D        | Reached skill level 13 in Summonings
  1495 | D        | Reached skill level 10 in Stealth
  1501 | D        | Reached *** piety under Sif Muna
  1523 | D        | Noticed a two-headed ogre
  1540 | D        | Killed a two-headed ogre
  1550 | D        | Noticed a two-headed ogre
  1550 | D        | Noticed Erolcha
  1599 | D        | Slain by a two-headed ogre

Illustrated notes

Levels and vault maps discovered:
D:        dungeon_sprint_mu [sprint_mu_entry_forest, sprint_mu_temple_rooms,
          sprint_mu_d1_spiders, sprint_mu_d2_genie, sprint_mu_d3_branching,
          sprint_mu_orc_legion, sprint_mu_elf_gauntlet, sprint_mu_hive_nellie,
          sprint_mu_lair_fedhas, sprint_mu_vaults_butterflies,
          sprint_mu_slime_circle, sprint_mu_swamp_cave, sprint_mu_shoals_kraken,
          sprint_mu_blade_basic, sprint_mu_crypt_lich, sprint_mu_tomb_spiral,
          sprint_mu_vestibule_basic, sprint_mu_gehenna_hellfire,
          sprint_mu_dis_giant, sprint_mu_tartarus_statrot,
          sprint_mu_cocytus_islands, sprint_mu_zot1]

Skill      XL: |  1  2  3  4  5  6  7  8 |
---------------+-------------------------+-----
Summonings     | 7 8 9 10 11 12 13 | 13.7
Dodging        | 3 4 5 6 7 8 9 |  9.7
Stealth        | 3 5 6 8 9 10 | 10.5
Spellcasting   | 4 5 6 7 9 10 11 | 11.1
Hexes          | 2 4 6 7 9 |  9.1
Air Magic      | 3 |  3.3

Action                   |  1- 3 |  4- 6 |  7- 9 || total
-------------------------+-------+-------+-------++-------
Melee: Unarmed           |     2 |     1 |       ||     3
       Dagger            |       |       |     3 ||     3
 Cast: Summon Small Mamm |     8 |     4 |     2 ||    14
       Call Imp          |     3 |     2 |     2 ||     7
       Call Canine Famil |     1 |     3 |    12 ||    16
  Use: Potion            |       |       |     1 ||     1
 Stab: Sleeping          |       |       |     1 ||     1
Armor: Robe              |     1 |       |       ||     1
Dodge: Dodged            |     4 |     1 |     7 ||    12
